 Dungeon Crawl Stone Soup version 0.16.1-4-g8e1b745 (webtiles) character file.

155 karlm the Poker (level 5, -5/32 HPs)
             Began as a Gargoyle Fighter on Mar 26, 2015.
             Slain by Sigmund
             ... wielding a +0 scythe
              (7 damage)
             ... on level 3 of the Dungeon.
             The game lasted 00:05:29 (1683 turns).

karlm the Poker (Gargoyle Fighter)                  Turns: 1683, Time: 00:05:29

Health: -5/32      AC: 13    Str: 25    XL:     5   Next: 37%
Magic:  5/5        EV:  5    Int:  8    God:
Gold:   177        SH:  9    Dex: 10    Spells: 0 memorised, 4 levels left

rFire  . . .     SeeInvis .     a - +0 trident
rCold  . . .     Clarity  .     m - +0 chain mail
rNeg   + . .     SustAb   .     c - +0 shield
rPois  ∞         Gourm    .     (no helmet)
rElec  +         Spirit   .     (no cloak)
rCorr  .         Warding  .     (no gloves)
rMut   .         Stasis   .     (no boots)
MR     .....                    (no amulet)
Stlth  ..........               (no ring)
                                (no ring)

@: mighty, not resistant to hostile enchantments, extremely unstealthy
A: negative energy resistance 1, electricity resistance, unbreathing,
petrification resistance, rot immunity, AC +4
a: no special abilities


You were on level 3 of the Dungeon.
You were not hungry.

You visited 1 branch of the dungeon, and saw 3 of its levels.

You collected 177 gold pieces.

Inventory:

Hand weapons
 a - a +0 trident (weapon)
 l - a +0 hunting sling
Missiles
 k - 45 stones (quivered)
Armour
 c - a +0 shield (worn)
 m - a +0 chain mail (worn)
Scrolls
 o - 3 scrolls of remove curse
 p - a scroll of teleportation {unknown}
 s - a scroll of fog {unknown}
Potions
 f - 2 potions of curing {unknown}
 h - 2 potions of haste {unknown}
 i - 2 potions of cancellation {unknown}
 q - 2 potions of decay {unknown}
 t - a potion of ambrosia {unknown}
Comestibles
 d - a bread ration
 g - 4 chunks of flesh
 j - 2 meat rations
 r - 4 fruits


   Skills:
 * Level 3.2 Fighting
 * Level 4.6 Polearms
 + Level 3.2 Armour
 - Level 1.6 Stealth
 + Level 3.2 Shields


You had 4 spell levels left.
You didn't know any spells.

Dungeon Overview and Level Annotations

Branches:
Dungeon (3/15)

Altars:
Ashenzari
Cheibriados

Annotations:
D:3 Sigmund


Innate Abilities, Weirdness & Mutations

You are resistant to torment.
You are immune to poison.
Your stone body is very resilient (AC +4).
You resist negative energy.
You are resistant to electric shocks.
You can survive without breathing.
You are immune to petrification.
You are immune to rotting.


Message History

Okay, then.
Drink which item? (? for menu, Esc to quit)
You feel very mighty all of a sudden.
You bump into the rock wall.
Something hits you but does no damage.
You bump into the rock wall.
You hear some strange, mumbled words.
Something tries to affect you, but you resist.
You miss something.
You feel less confused. Something hits you but does no damage.
You barely miss something. Something hits you.
* * * LOW HITPOINT WARNING * * *
You barely miss something. You miss something.
Something hits you but does no damage.
You closely miss something. Something hits you but does no damage.
Your shield and chain mail prevent you from hitting something.
Sigmund appears from thin air!
Reactivating autopickup.
Sigmund hits you with a scythe!
You die...

###### ####
#...##.#@.#
#...##.##@#
########.........#...
............#.#.##..#
#########+#)#.#.##..#
#########.#.#.#.##..#
................##..#
###.#####.#.###.##..#
# # #.#.#
#.##..###.## ..#.#
#.##.......#


You could see Sigmund.

Vanquished Creatures
  Jessica (D:2)
  4 gnolls (D:2)
  4 adders (D:2)
  A giant mite (D:2)
  A worm (D:2)
  An orc (D:3)
  A giant cockroach (D:2)
  6 goblins
  5 hobgoblins
  10 kobolds
  A quokka (D:2)
  A ball python (D:3)
  4 bats
  3 giant newts
  6 jackals
  6 rats
55 creatures vanquished.

Notes
Turn   | Place    | Note
--------------------------------------------------------------
     0 | D:1      | karlm, the Gargoyle Fighter, began the quest for the Orb.
     0 | D:1      | Reached XP level 1. HP: 14/14 MP: 1/1
    44 | D:1      | Reached skill level 1 in Stealth
    87 | D:1      | Reached XP level 2. HP: 19/19 MP: 2/2
   625 | D:2      | Reached XP level 3. HP: 19/23 MP: 3/3
   696 | D:2      | Found a shattered altar of Ashenzari.
   967 | D:2      | Reached XP level 4. HP: 20/28 MP: 4/4
  1054 | D:2      | Found a snail-covered altar of Cheibriados.
  1168 | D:2      | Noticed Jessica
  1178 | D:2      | Killed Jessica
  1178 | D:2      | Reached skill level 4 in Polearms
  1226 | D:2      | Reached XP level 5. HP: 32/32 MP: 5/5
  1655 | D:3      | Noticed Sigmund
  1679 | D:3      | HP: 1/32 [something (6)]
  1683 | D:3      | Slain by Sigmund

Action                   |  1- 3 |  4- 6 || total
-------------------------+-------+-------++-------
Melee: Trident           |   145 |   105 ||   250
  Use: Scroll            |       |     4 ||     4
       Potion            |       |     1 ||     1
  Eat: Chunk             |       |     3 ||     3
